[Event "Team 45 45 League T47"]
[Site "Internet Chess Club"]
[Date "2010.12.04"]
[Round "4"]
[White "SlimeDog2"]
[Black "Phosphorus"]
[Result "0-1"]
[WhiteElo "2107"]
[BlackElo "2090"]
[Opening "King's Indian: fianchetto, classical variation, 8.e4"]
[ECO "E68"]
[Time "14:07:58"]
[TimeControl "2700+45"]

1. d4 Nf6 2. c4 g6 3. g3 Bg7 4. Bg2 d6 5. Nf3 O-O 6. Nc3 Nbd7 7. O-O e5 8. e4
exd4 9. Nxd4 Re8 10. Re1 a6 11. h3 Rb8 12. Be3 c5 13. Nc2 Ne5 14. Qe2 b5 15.
cxb5 axb5 16. Nxb5 c4 17. Ncd4 Nd3 18. Reb1 Nxe4 19. Qc2 d5 20. b3 Rxb5 21. bxc4
Rxb1+ 22. Rxb1 dxc4 23. Qxc4 Nexf2 24. Nc6 Qf6 25. Bd4 Qf5 26. g4 Nxg4 27. hxg4
Qxg4 28. Qxd3 Bd7 29. Qd1 Qxd1+ 30. Rxd1 Bxc6 31. Bxc6 Rd8 {White resigns} 0-1

[Event "Team 45 45 League T47"]
[Site "Internet Chess Club"]
[Date "2010.11.29"]
[Round "4"]
[White "bondguy01"]
[Black "musk6868"]
[Result "1/2-1/2"]
[WhiteElo "1701"]
[BlackElo "1793"]
[Opening "English: Anglo-Dutch defense"]
[ECO "A10"]
[Time "21:00:29"]
[TimeControl "2700+45"]

1. c4 f5 2. g3 Nf6 3. Bg2 e5 4. d4 e4 5. Nc3 d5 6. cxd5 Nxd5 7. Qb3 c6 8. Nh3
Bd6 9. O-O Nxc3 10. bxc3 Qb6 11. Bf4 Qxb3 12. axb3 Be7 13. f3 exf3 14. Bxf3 Nd7
15. Rae1 Nf6 16. Nf2 O-O 17. e4 fxe4 18. Nxe4 Bh3 19. Nxf6+ Bxf6 20. Bg2 Bxg2
21. Kxg2 a5 22. Ra1 b5 23. Bd6 Rfe8 24. Bc5 Re3 25. Rf3 Re4 26. Bb6 a4 27. bxa4
bxa4 28. Bc5 Kf7 29. Ra3 Ke6 30. Rf2 Kd5 31. Rfa2 Kc4 32. Rxa4+ Rxa4 33. Rxa4+
Kxc3 34. Ra6 Bxd4 35. Bxd4+ Kxd4 36. Rxc6 {Game drawn by mutual agreement}
1/2-1/2

[Event "Team 45 45 League T47"]
[Site "Internet Chess Club"]
[Date "2010.11.27"]
[Round "4"]
[White "Cergillio"]
[Black "Portola"]
[Result "0-1"]
[WhiteElo "1195"]
[BlackElo "1695"]
[Opening "Van't Kruijs opening"]
[ECO "A00"]
[Time "08:00:24"]
[TimeControl "2700+45"]

1. e3 d5 2. c4 e6 3. d4 Nf6 4. Nf3 Nbd7 5. Nc3 c5 6. cxd5 exd5 7. Bb5 c4 8. O-O
a6 9. Bxd7+ Bxd7 10. Re1 Be7 11. e4 dxe4 12. Nxe4 Nxe4 13. Rxe4 O-O 14. Bf4 Bf5
15. Re5 Bd3 16. b3 b5 17. Qd2 Bf6 18. Bg5 Bxg5 19. Rxg5 f6 20. Rg3 Re8 21. h4
Qd7 22. Qh6 Kh8 23. Qh5 Rad8 24. Qc5 Rc8 25. Qb6 Rc6 26. Qa5 Rce6 27. bxc4 Bxc4
28. a4 Rd6 29. axb5 Bxb5 30. Rd1 Rd5 31. Qa1 Rd8 32. Qb1 a5 33. h5 Rxh5 34. Rh3
Rxh3 35. gxh3 Be2 36. Rd3 Bxd3 37. Qxd3 Qxh3 38. Qe4 Qd7 39. Kg2 a4 40. Qd3 Qd6
41. Qc4 a3 42. Qa2 Qb4 43. Qe2 Qf8 44. Qa2 Rb8 45. d5 Rb2 46. Qa1 Qd6 47. Qc1
Rb8 48. Qc4 Rd8 49. Qa4 Qxd5 50. Qxa3 Re8 51. Qa4 Qe4 52. Qd7 Qe6 53. Qb7 Kg8
54. Qa7 Qg4+ 55. Kf1 Qxf3 56. Qa4 Qh1# {White checkmated} 0-1

[Event "Team 45 45 League T47"]
[Site "Internet Chess Club"]
[Date "2010.11.24"]
[Round "4"]
[White "Lionskins"]
[Black "tightfist"]
[Result "1-0"]
[WhiteElo "1608"]
[BlackElo "1538"]
[Opening "English: symmetrical, four knights system"]
[ECO "A30"]
[Time "13:25:27"]
[TimeControl "2700+45"]

1. Nf3 Nf6 2. c4 c5 3. Nc3 Nc6 4. a3 e6 5. e3 d5 6. cxd5 exd5 7. h3 Be7 8. Qc2
O-O 9. g4 d4 10. Ne4 Nxe4 11. Qxe4 Re8 12. Bd3 g6 13. Bc2 Bf6 14. Qd3 dxe3 15.
dxe3 Nd4 16. Nxd4 Bxd4 17. Rb1 Bf6 18. Qxd8 Rxd8 19. Bd2 b6 20. Be4 Rb8 21. Bc3
Bxc3+ 22. bxc3 Bb7 23. Bxb7 Rxb7 24. Ke2 Rbd7 25. Rhd1 g5 26. Rxd7 Rxd7 27. Rd1
Rxd1 28. Kxd1 f6 29. Kd2 c4 30. f4 h6 31. Ke2 Kf7 32. Kf3 Ke6 33. Ke4 a6 34. a4
b5 35. axb5 axb5 36. Kd4 Kd6 37. f5 Kc6 38. e4 Kd6 39. e5+ fxe5+ 40. Ke4 Ke7 41.
Kxe5 Kf7 42. Kd4 Kf6 43. Kc5 h5 44. Kxb5 hxg4 45. hxg4 Ke5 46. Kxc4 Kd6 47. Kd4
Ke7 48. c4 Kd6 49. c5+ Kc6 50. f6 Kd7 51. Kd5 Kc7 52. f7 {Black resigns} 1-0

[Event "Team 45 45 League T47"]
[Site "Internet Chess Club"]
[Date "2010.11.28"]
[Round "4"]
[White "viking99"]
[Black "j65536d"]
[Result "1-0"]
[WhiteElo "1866"]
[BlackElo "1880"]
[Opening "Sicilian: dragon, classical, Grigoriev variation"]
[ECO "B72"]
[Time "16:00:17"]
[TimeControl "2700+45"]

1. e4 c5 2. Nf3 d6 3. d4 cxd4 4. Nxd4 Nf6 5. Nc3 g6 6. Be2 Bg7 7. Be3 O-O 8. Qd2
Nc6 9. O-O-O Nxd4 10. Bxd4 Be6 11. f3 Qa5 12. Kb1 Rfc8 13. Nd5 Qxd2 14. Nxf6+
Bxf6 15. Rxd2 Bxd4 16. Rxd4 Rc5 17. c4 a5 18. Rhd1 a4 19. b4 axb3 20. axb3 Rca5
21. R1d2 Ra1+ 22. Kb2 Rh1 23. h3 Rg1 24. Bd3 Raa1 25. Bc2 Kg7 26. Kc3 Ra2 27.
Kb4 Rc1 28. Bd1 Rca1 29. h4 Kf6 30. g3 Ra5 31. f4 h6 32. g4 b6 33. f5 gxf5 34.
exf5 Bc8 35. Rd5 Bb7 36. Rb5 Ra6 37. Kc3 Bc6 38. Rb4 R1a5 39. Kd3 Re5 40. Re2 h5
41. Rxe5 Kxe5 42. Ke3 hxg4 43. Bxg4 Bd7 44. h5 Kf6 45. Kf4 e5+ 46. fxe6 fxe6 47.
Bf3 e5+ 48. Ke3 Kg5 49. Bb7 Ra1 50. Rxb6 Rd1 51. Bd5 Bf5 52. Rxd6 Rd3+ 53. Kf2
Rxb3 54. Bf7 Rc3 55. Ke2 Bg4+ 56. Kd2 Ra3 57. Rg6+ Kf4 58. h6 Rh3 59. Rxg4+
{Black resigns} 1-0

[Event "Team 45 45 League T47"]
[Site "Internet Chess Club"]
[Date "2010.11.30"]
[Round "4"]
[White "ChessicalZ"]
[Black "Rookmaster"]
[Result "1-0"]
[WhiteElo "1671"]
[BlackElo "1744"]
[Opening "English opening"]
[ECO "A10"]
[Time "21:00:22"]
[TimeControl "2700+45"]

1. c4 d5 2. cxd5 Qxd5 3. Nc3 Qa5 4. e4 e5 5. Bc4 Nf6 6. Qb3 Nc6 7. Nge2 Bc5 8.
Bxf7+ Ke7 9. O-O Rf8 10. Bc4 Ng4 11. Nd5+ Kd6 12. Ne3 Nxe3 13. dxe3 Bg4 14. Rd1+
Ke7 15. Bd2 Qb6 16. Qc2 Rad8 17. a3 a5 18. h3 Be6 19. Rac1 Bd6 20. Bxe6 Kxe6 21.
Be1 Be7 22. Rd5 Bd6 23. Qc4 Kf6 24. Rb5 Qa6 25. Nc3 Ne7 26. Nd5+ Nxd5 27. exd5
Kf7 28. Qg4 Kg8 29. a4 b6 30. Rc4 Bc5 31. Qe6+ Kh8 32. Rcxc5 Rd6 33. Qe7 Rdf6
34. Rxc7 R6f7 35. Qxe5 Rxc7 36. Qxc7 Rc8 37. Qxb6 Qxb6 38. Rxb6 h6 39. Bc3 Rc7
40. Rb5 Kh7 41. Rxa5 g5 42. d6 Rd7 43. Rd5 Kg6 44. e4 Kf7 45. b4 Ke6 46. b5 Rxd6
47. Rxd6+ Kxd6 48. Bg7 h5 49. Bh6 g4 50. hxg4 hxg4 51. Kh2 Kc7 52. e5 Kb6 53. e6
Ka5 54. e7 Kxa4 55. e8=Q Kb4 56. b6 Kc5 57. b7 g3+ 58. Kxg3 Kd5 59. Qd8+ Kc4 60.
Qc7+ Kd5 61. Qd7+ Kc4 62. b8=Q Kc3 63. Qbc7+ Kb4 64. Bf8+ Kb3 65. Qb5+ Ka2 66.
Qa7# {Black checkmated} 1-0

[Event "Team 45 45 League T47"]
[Site "Internet Chess Club"]
[Date "2010.11.27"]
[Round "4"]
[White "BraafPaard"]
[Black "Ernie1"]
[Result "1-0"]
[WhiteElo "1632"]
[BlackElo "1589"]
[Opening "QGD Slav defense"]
[ECO "D10"]
[Time "09:00:29"]
[TimeControl "2700+45"]

1. d4 c6 2. c4 d5 3. Nc3 Nf6 4. Bf4 e6 5. e3 dxc4 6. Bxc4 Nd5 7. Bg3 Bb4 8. Ne2
Qa5 9. Qb3 b5 10. Bd3 h5 11. h3 Nd7 12. O-O Bxc3 13. Nxc3 b4 14. Ne4 O-O 15.
Rfc1 Bb7 16. Nd6 Qb6 17. Qc2 Ne7 18. Nxb7 Qxb7 19. Bd6 Nf6 20. Bxe7 Qxe7 21.
Qxc6 a5 22. Qf3 Rac8 23. Qd1 g6 24. Rxc8 Rxc8 25. Rc1 Rxc1 26. Qxc1 a4 27. Bb5
a3 28. bxa3 bxa3 29. Qc5 Qd6 {Black resigns} 1-0

[Event "Team 45 45 League T47"]
[Site "Internet Chess Club"]
[Date "2010.11.28"]
[Round "4"]
[White "SaltofLife"]
[Black "BlackHorse"]
[Result "1-0"]
[WhiteElo "1932"]
[BlackElo "1941"]
[Opening "King's Indian: Kazakh variation"]
[ECO "E91"]
[Time "15:21:15"]
[TimeControl "2700+45"]

1. d4 Nf6 2. c4 g6 3. Nc3 Bg7 4. e4 d6 5. Be2 O-O 6. Nf3 Na6 7. Bf4 Nh5 8. Bg5
h6 9. Be3 e5 10. g3 exd4 11. Nxd4 Nf6 12. O-O Nc5 13. f3 a5 14. Qd2 Kh7 15. b3
Nfd7 16. Qc2 Ne5 17. a3 Ne6 18. Rad1 Nxd4 19. Bxd4 b6 20. Nd5 f5 21. f4 Nc6 22.
Bxg7 Kxg7 23. e5 h5 24. exd6 Qxd6 25. Bf3 Bb7 26. Kg2 Rad8 27. Qc3+ Kh6 28. Nxb6
Qxa3 29. Nd7 Rfe8 30. Nf6 Rf8 31. Rxd8 Rxd8 32. Re1 a4 33. Ne8 Qf8 34. Nxc7 Qd6
35. Nd5 axb3 36. Qxb3 Ba8 37. Rd1 Qc5 38. Qc3 Na5 39. Qf6 Rf8 40. Qg5+ Kg7 41.
Bxh5 Rf6 42. Bf3 Re6 43. Qd8 Bc6 44. Qc7+ Kh6 45. Ra1 Nxc4 46. Ra7 Ne3+ 47. Kh3
Qxa7 48. Qxa7 Nxd5 49. Qc5 Nxf4+ 50. gxf4 Bxf3 51. Qf8+ Kh7 52. Qf7+ {Black
resigns} 1-0

[Event "Team 45 45 League T47"]
[Site "Internet Chess Club"]
[Date "2010.11.28"]
[Round "4"]
[White "BuddyT"]
[Black "Twan709"]
[Result "1/2-1/2"]
[WhiteElo "1740"]
[BlackElo "1837"]
[Opening "QGD semi-Slav: Stoltz variation"]
[ECO "D45"]
[Time "12:00:16"]
[TimeControl "2700+45"]

1. d4 d5 2. c4 c6 3. Nf3 Nf6 4. e3 e6 5. Nc3 Nbd7 6. Qc2 Bd6 7. Bd3 O-O 8. O-O
Qc7 9. c5 Be7 10. b4 e5 11. dxe5 Nxe5 12. Nxe5 Qxe5 13. Bb2 Qh5 14. Ne2 Ng4 15.
h3 Nf6 16. Ng3 Qh4 17. a3 Re8 18. Rad1 a5 19. Nf5 Bxf5 20. Bxf5 axb4 21. Rd4 b3
22. Qc3 Qg5 23. Rf4 d4 24. Qxd4 Rad8 25. Qc4 Rd5 26. h4 Qh6 27. Bd4 Nh5 28. Rf3
Bf6 29. Bxf6 Nxf6 30. Rb1 Ree5 31. Bh3 Rxc5 32. Qxb3 b5 33. a4 Qxh4 34. Rf4 Qg5
35. axb5 Rxb5 36. Qa2 h6 37. Rxb5 Rxb5 38. Qa8+ Kh7 39. Qxc6 Rb1+ 40. Kh2 Qe5
41. Qc2+ Kh8 42. Qxb1 g5 43. Qb4 gxf4 44. Qxf4 Qxf4+ 45. exf4 Kg7 46. Kg3 Nh5+
47. Kg4 Nf6+ 48. Kf5 Ne8 49. Bg4 Nd6+ 50. Ke5 Ne8 51. Bh5 Nf6 52. Bf3 Ng8 53.
Bh5 Nf6 54. g4 Nd7+ 55. Kd6 Nf6 56. Ke7 Ng8+ 57. Ke8 Nf6+ 58. Ke7 Nd5+ 59. Ke8
Nf6+ 60. Kd8 Nd5 61. f5 Nf6 62. Ke7 Ng8+ 63. Kd6 Kf6 64. Kd5 Ne7+ 65. Ke4 Nc6
66. Kf3 Ne5+ 67. Kg3 Nd3 68. f4 Nc5 69. Kf3 Nb7 70. Ke4 Nd8 71. Kd5 Nb7 72. Kc6
Na5+ 73. Kb6 Nc4+ 74. Kc5 Ne3 75. Kd4 Nf1 76. Kd3 Ng3 77. Ke3 Nxh5 78. gxh5 Kxf5
79. Kf3 f6 80. Ke3 Ke6 81. Ke4 f5+ 82. Kd4 {Game drawn by mutual agreement}
1/2-1/2

[Event "Team 45 45 League T47"]
[Site "Internet Chess Club"]
[Date "2010.11.28"]
[Round "4"]
[White "siddhu"]
[Black "empire32"]
[Result "1-0"]
[WhiteElo "1838"]
[BlackElo "1734"]
[Opening "Caro-Kann: exchange variation"]
[ECO "B13"]
[Time "18:11:07"]
[TimeControl "2700+45"]

1. e4 c6 2. d4 d5 3. exd5 cxd5 4. Nf3 Nc6 5. Bf4 Bg4 6. c3 Nf6 7. h3 Bxf3 8.
Qxf3 e6 9. Bd3 Bd6 10. Bxd6 Qxd6 11. Nd2 O-O 12. O-O e5 13. dxe5 Nxe5 14. Qg3
Nh5 15. Qe3 Nxd3 16. Qxd3 Nf4 17. Qf3 Rfe8 18. Rfe1 Re6 19. Rxe6 fxe6 20. Re1
Rf8 21. Qe3 Qa6 22. g3 Nxh3+ 23. Kg2 Nxf2 24. Qxe6+ Qxe6 25. Rxe6 Nd3 26. Nf3
Nxb2 27. Re7 Rb8 28. Ng5 Na4 29. Ne6 g6 30. Ng5 h6 31. Nf7 Kf8 32. Rc7 Re8 33.
Nxh6 Re7 34. Rc8+ Kg7 35. Ng4 Re2+ 36. Kf3 Rxa2 37. Rc7+ Kf8 38. Rxb7 Nxc3 39.
Ne5 g5 40. Nc6 Ne4 41. Rxa7 Rxa7 42. Nxa7 Ke7 43. Nc6+ Kd6 44. Nd4 Ke5 45. Nc6+
Kd6 46. Nd4 Nd2+ 47. Kg4 Ke5 48. Nc6+ Kf6 49. Nd4 Nc4 50. Kh5 Ne5 51. g4 Nf7 52.
Nf3 Ne5 53. Nxg5 d4 54. Ne4+ Kf7 55. g5 d3 56. Kh6 Nf3 57. g6+ Ke8 58. g7 d2 59.
Nxd2 Nxd2 60. g8=Q+ Ke7 61. Qg5+ {Black resigns} 1-0

[Event "Team 45 45 League T47"]
[Site "Internet Chess Club"]
[Date "2010.11.28"]
[Round "4"]
[White "wrimle"]
[Black "Rhel"]
[Result "1/2-1/2"]
[WhiteElo "1573"]
[BlackElo "1610"]
[Opening "Sicilian: closed, 6.f4"]
[ECO "B25"]
[Time "15:00:43"]
[TimeControl "2700+45"]

1. e4 c5 2. Nc3 g6 3. g3 Nc6 4. Bg2 Bg7 5. d3 d6 6. f4 Nf6 7. Nf3 Bg4 8. h3 Bxf3
9. Bxf3 O-O 10. O-O Nd4 11. Bg2 Rb8 12. Ne2 Nd7 13. c3 Nxe2+ 14. Qxe2 b5 15. Rb1
b4 16. Bd2 bxc3 17. Bxc3 Bxc3 18. bxc3 Qa5 19. Qc2 Rxb1 20. Rxb1 Rb8 21. Rxb8+
Nxb8 22. Qb3 Qc7 23. h4 h5 24. Kh2 Nd7 25. d4 cxd4 26. cxd4 Kg7 27. e5 dxe5 28.
dxe5 Nc5 29. Qc2 Qb6 30. Bd5 e6 31. Bg2 Kf8 32. Qd2 Ke7 33. a3 Nd7 34. Qb4+ Qxb4
35. axb4 f6 36. exf6+ Kxf6 37. Bc6 Nb6 38. Kg2 Nd5 39. b5 Ne3+ 40. Kf3 Nf5 {Game
drawn by mutual agreement} 1/2-1/2

[Event "Team 45 45 League T47"]
[Site "Internet Chess Club"]
[Date "2010.11.26"]
[Round "4"]
[White "Memphischess"]
[Black "Paulkov"]
[Result "0-1"]
[WhiteElo "2096"]
[BlackElo "2265"]
[Opening "Sicilian: Grand Prix attack, Schofman variation"]
[ECO "B23"]
[Time "16:04:54"]
[TimeControl "2700+45"]

1. e4 c5 2. Nc3 Nc6 3. f4 g6 4. Nf3 Bg7 5. Bc4 e6 6. f5 Nge7 7. fxe6 fxe6 8. d3
d5 9. Bb3 b5 10. O-O c4 11. dxc4 dxc4 12. Qxd8+ Kxd8 13. Nxb5 cxb3 14. Rd1+ Bd7
15. axb3 h6 16. Be3 Bxb2 17. Ra6 Bf6 18. Nxa7 Ke8 19. Nb5 Rxa6 20. Nc7+ Kf7 21.
Nxa6 Bc8 22. Nc7 Ne5 23. c4 N7c6 24. Nb5 Nxf3+ 25. gxf3 g5 26. Bc5 Ne5 27. Kf2
Ba6 28. Nc7 Bb7 29. Nb5 Bc6 30. Nd6+ Kg6 31. b4 Be7 32. b5 Ba8 33. Nb7 Bxb7 34.
Bxe7 Rh7 35. Bc5 Rf7 36. Bd4 Nxf3 37. Ke3 Rf4 38. c5 Rxe4+ {White resigns} 0-1

[Event "Team 45 45 League T47"]
[Site "Internet Chess Club"]
[Date "2010.11.25"]
[Round "4"]
[White "jorobo"]
[Black "jefferyx"]
[Result "0-1"]
[WhiteElo "2082"]
[BlackElo "2036"]
[Opening "English: symmetrical variation"]
[ECO "A35"]
[Time "14:44:26"]
[TimeControl "2700+45"]

1. c4 c5 2. Nc3 Nc6 3. Nf3 g6 4. e3 Bg7 5. d4 cxd4 6. exd4 d6 7. d5 Ne5 8. Be2
Nxf3+ 9. Bxf3 Nf6 10. O-O O-O 11. Re1 b6 12. Bf4 Nd7 13. Qd2 Ba6 14. b3 Rc8 15.
Rac1 Ne5 16. Be2 Qd7 17. c5 Bxe2 18. c6 Qf5 19. Bxe5 Bxe5 20. Nxe2 g5 21. Rc4
Kh8 22. Ng3 Qg6 23. b4 f5 24. b5 h5 25. Qc2 Kg7 26. Ra4 Rc7 27. Qd3 h4 28. Ne2
h3 29. g3 f4 30. Qxg6+ Kxg6 31. gxf4 gxf4 32. f3 e6 33. dxe6 Kf5 34. Kf2 Rg8 35.
Rg1 Rcg7 36. Kf1 Kxe6 37. Rxg7 Rxg7 38. Nxf4+ Kf5 39. Nxh3 Bxh2 40. Nf2 d5 41.
Ng4 Bf4 42. Ke2 Rf7 43. Kd3 Ke6 44. Ke2 Kd6 45. Rb4 Kc5 46. Rb2 Rh7 47. a4 Kc4
48. Rc2+ Kb3 49. Kd3 Kxa4 50. Nf6 Rf7 51. Nxd5 Bd6 52. Ke4 Rf8 53. c7 Rc8 54.
Ra2+ Kxb5 55. Rxa7 Kc6 56. f4 Re8+ 57. Kd4 Bc5+ 58. Kc4 b5+ 59. Kd3 Bxa7 {White
resigns} 0-1

[Event "Team 45 45 League T47"]
[Site "Internet Chess Club"]
[Date "2010.11.28"]
[Round "4"]
[White "komaromy31"]
[Black "azbycx"]
[Result "0-1"]
[WhiteElo "1853"]
[BlackElo "1916"]
[Opening "Blackmar-Diemer gambit"]
[ECO "D00"]
[Time "23:02:05"]
[TimeControl "2700+45"]

1. d4 Nf6 2. Nc3 d5 3. e4 dxe4 4. f3 exf3 5. Nxf3 g6 6. Bg5 Bg7 7. Bc4 O-O 8.
O-O Bg4 9. Qd2 Nc6 10. d5 Bxf3 11. gxf3 Ne5 12. Be2 c6 13. f4 Neg4 14. h3 Qb6+
15. Kh1 Ne3 16. Rf3 Nexd5 17. Na4 Qc7 18. c4 Nb6 19. Nc5 Rad8 20. Qc2 Nbd7 21.
Nxd7 Rxd7 22. f5 Rfd8 23. fxg6 hxg6 24. Bd3 Qe5 25. Bf4 Qh5 26. Rg3 Qh4 27. Rf3
Rxd3 28. Rxd3 Rxd3 29. Qxd3 Qxf4 30. Re1 e6 31. b4 Nh5 32. Re3 Be5 33. Kg1 Bd4
{White resigns} 0-1

[Event "Team 45 45 League T47"]
[Site "Internet Chess Club"]
[Date "2010.11.24"]
[Round "4"]
[White "az2112"]
[Black "Cryptochess"]
[Result "0-1"]
[WhiteElo "1758"]
[BlackElo "2165"]
[Opening "Pirc: Austrian attack, dragon formation"]
[ECO "B09"]
[Time "21:31:56"]
[TimeControl "2700+45"]

1. e4 d6 2. d4 Nf6 3. Nc3 g6 4. f4 Bg7 5. Nf3 c5 6. Bb5+ Bd7 7. e5 Ng4 8. e6
Bxb5 9. exf7+ Kd7 10. Nxb5 Qa5+ 11. Nc3 cxd4 12. Nxd4 Bxd4 13. Qxd4 Nc6 14. Qc4
Qb6 15. Qe2 h5 16. Bd2 Nd4 17. Qd3 Nf5 18. Ne4 Rac8 19. O-O-O Nge3 20. Bxe3 Nxe3
21. Rd2 Nc4 22. Nxd6 Qxb2+ 23. Kd1 exd6 24. Qh3+ Kc7 25. Re1 Nxd2 26. Kxd2 Kb8
27. Qxc8+ Rxc8 28. Re8 Qxc2+ 29. Ke1 Qb1+ 30. Ke2 Qxa2+ 31. Ke1 Qxf7 {White
resigns} 0-1

[Event "Team 45 45 League T47"]
[Site "Internet Chess Club"]
[Date "2010.12.04"]
[Round "4"]
[White "Scotty2Cues"]
[Black "chess9793"]
[Result "0-1"]
[WhiteElo "1950"]
[BlackElo "2085"]
[Opening "Sicilian: accelerated fianchetto, exchange variation"]
[ECO "B34"]
[Time "12:00:05"]
[TimeControl "2700+45"]

1. e4 c5 2. Nf3 Nc6 3. d4 cxd4 4. Nxd4 g6 5. Nxc6 bxc6 6. Bc4 Bg7 7. O-O d6 8.
Nc3 Nf6 9. e5 dxe5 10. Qxd8+ Kxd8 11. Re1 Bf5 12. Rxe5 Nd5 13. Rxf5 gxf5 14.
Nxd5 cxd5 15. Bxd5 Rb8 16. Bxf7 Bxb2 17. Bxb2 Rxb2 18. Rd1+ Kc7 19. Bb3 Rd8 20.
Re1 e5 21. f3 Rd2 22. h4 Kd6 23. g4 fxg4 24. fxg4 e4 25. g5 Ke5 26. h5 Kf5 27.
g6 hxg6 28. hxg6 Kxg6 29. Rf1 {White resigns} 0-1

[Event "Team 45 45 League T47"]
[Site "Internet Chess Club"]
[Date "2010.11.27"]
[Round "4"]
[White "Terte"]
[Black "Chatica"]
[Result "0-1"]
[WhiteElo "2096"]
[BlackElo "2098"]
[Opening "Alekhine's defense"]
[ECO "B03"]
[Time "09:33:51"]
[TimeControl "2700+45"]

1. e4 Nf6 2. e5 Nd5 3. d4 d6 4. h3 dxe5 5. dxe5 Bf5 6. Bd3 Bxd3 7. Qxd3 e6 8.
Nf3 Nc6 9. O-O Bc5 10. Bg5 Be7 11. Bxe7 Qxe7 12. Nc3 Nxc3 13. Qxc3 O-O-O 14.
Rad1 Qb4 15. Qxb4 Nxb4 16. c3 Nd3 17. Rd2 Rd5 18. Re2 Rhd8 19. b3 h6 20. c4 R5d7
21. Ne1 Nc1 22. Rc2 Rd1 23. Nf3 Rxf1+ 24. Kxf1 Rd1+ 25. Ne1 Nd3 26. Re2 Ra1 27.
a3 Nc1 28. Re3 Rxa3 29. Rc3 Nxb3 {White resigns} 0-1

[Event "Team 45 45 League T47"]
[Site "Internet Chess Club"]
[Date "2010.11.27"]
[Round "4"]
[White "Gregorio"]
[Black "nightly"]
[Result "0-1"]
[WhiteElo "2006"]
[BlackElo "1842"]
[Opening "English: symmetrical variation"]
[ECO "A36"]
[Time "10:00:22"]
[TimeControl "2700+45"]

1. c4 c5 2. g3 g6 3. Nc3 Nc6 4. h4 Nf6 5. d3 Bg7 6. Bg5 h6 7. Bf4 O-O 8. Qd2 Kh7
9. Nd5 Nxd5 10. cxd5 Nb4 11. Bg2 d6 12. d4 Na6 13. Nf3 Bg4 14. dxc5 Nxc5 15. O-O
Qb6 16. Nd4 Na4 17. e3 Bf6 18. Qc2 Nc5 19. f3 Bd7 20. h5 Kg7 21. g4 Bxd4 22.
exd4 Na4 23. Be3 Rac8 24. Qe4 Rfe8 25. hxg6 fxg6 26. Rf2 Qd8 27. Bf1 Rf8 28. Bd3
Qe8 29. Rh2 Rh8 30. Re1 Qf7 31. Bc1 Rce8 32. Qe3 g5 33. Qe4 Nb6 34. Kf2 Nxd5 35.
Reh1 Nf6 36. Qxb7 Nxg4+ 37. Kg3 Nxh2 38. Rxh2 Bf5 39. Bb5 Rb8 40. Qa6 Rhc8 41.
Rh1 Rb6 42. Qa4 Qd5 43. Bd7 Rc4 44. Qxa7 Rb7 45. Qa8 Bxd7 46. Qd8 Bc6 {White
resigns} 0-1

[Event "Team 45 45 League T47"]
[Site "Internet Chess Club"]
[Date "2010.11.27"]
[Round "4"]
[White "poni"]
[Black "AndreMorais"]
[Result "1/2-1/2"]
[WhiteElo "1974"]
[BlackElo "1891"]
[Opening "Réti: King's Indian attack"]
[ECO "A05"]
[Time "04:22:09"]
[TimeControl "2700+45"]

1. Nf3 Nf6 2. g3 g6 3. Bg2 Bg7 4. c4 c5 5. Nc3 O-O 6. d4 cxd4 7. Nxd4 Qa5 8. O-O
Qc5 9. Qd3 Nc6 10. Nxc6 dxc6 11. Be3 Qh5 12. Bd2 Ng4 13. h4 Ne5 14. Qe4 Bf5 15.
Qf4 Be6 16. b3 Rfd8 17. Rad1 Ng4 18. Ne4 Bh6 19. Qc7 Rd7 20. Qa5 Rad8 21. Qxh5
gxh5 22. Bxh6 Rxd1 23. Bg5 Rxf1+ 24. Bxf1 f6 25. Bf4 Rd1 26. Nc5 Bc8 27. f3 Nh2
28. Kxh2 Rxf1 29. Kg2 Ra1 30. a4 Rb1 31. Bb8 b6 32. Nd3 Rxb3 33. Bxa7 b5 34.
cxb5 cxb5 35. axb5 Rxb5 36. Kf2 Kg7 37. Nf4 Bd7 38. Ke3 Ra5 39. Bb6 Rb5 40. Bc7
{Game drawn by mutual agreement} 1/2-1/2

[Event "Team 45 45 League T47"]
[Site "Internet Chess Club"]
[Date "2010.12.06"]
[Round "4"]
[White "LucaTrapani"]
[Black "koni"]
[Result "0-1"]
[WhiteElo "1933"]
[BlackElo "1897"]
[Opening "Old Indian: Tartakower (Wade) variation"]
[ECO "A41"]
[Time "12:02:42"]
[TimeControl "2700+45"]

1. d4 d6 2. Nf3 Bg4 3. c4 Bxf3 4. exf3 g6 5. Nc3 Bg7 6. Be3 Nf6 7. Be2 c6 8. g4
e6 9. f4 d5 10. f5 O-O 11. fxg6 fxg6 12. Qd2 dxc4 13. Bxc4 Nd5 14. Bxd5 exd5 15.
O-O-O Nd7 16. Bh6 Qh4 17. Bxg7 Kxg7 18. Rhf1 Qxh2 19. Ne2 Qh6 20. f4 Kg8 21. Rh1
Qg7 22. f5 Nf6 23. Nf4 Ne4 24. Qh2 Rae8 25. Ne6 Rxe6 26. fxe6 Nf2 27. Rhf1 Nxd1
28. Rxf8+ Qxf8 29. Qe5 Nf2 30. Qc7 Qf4+ 31. Qxf4 Nd3+ {White resigns} 0-1

[Event "Team 45 45 League T47"]
[Site "Internet Chess Club"]
[Date "2010.11.28"]
[Round "4"]
[White "easycure"]
[Black "Uwak"]
[Result "1/2-1/2"]
[WhiteElo "2337"]
[BlackElo "2267"]
[Opening "Benkö gambit: 7.e4"]
[ECO "A59"]
[Time "22:00:20"]
[TimeControl "2700+45"]

1. d4 Nf6 2. c4 c5 3. d5 b5 4. cxb5 a6 5. bxa6 Bxa6 6. Nc3 d6 7. e4 Bxf1 8. Kxf1
g6 9. Nf3 Bg7 10. h3 O-O 11. Kg1 Nbd7 12. Kh2 Qa5 13. Re1 Rfb8 14. Re2 Ne8 15.
Rc2 Qa6 16. Bd2 Nc7 17. Rac1 Bxc3 18. bxc3 Nf6 19. c4 Nxe4 20. Bh6 e5 21. dxe6
Nxe6 22. Re2 Nf6 23. Qe1 Ng7 24. Bg5 Nfe8 25. Qd2 Rb4 26. Qf4 d5 27. Be7 Rxc4
28. Rxc4 Qxc4 29. Qxc4 dxc4 30. Bxc5 Ne6 31. Bb4 N8c7 32. Rc2 Nd5 33. Rxc4 Nxb4
34. Rxb4 Rxa2 35. Kg1 Kg7 36. g3 Nc5 37. Rd4 Kf6 38. Rd2 Rxd2 39. Nxd2 {Game
drawn by mutual agreement} 1/2-1/2

[Event "Team 45 45 League T47"]
[Site "Internet Chess Club"]
[Date "2010.11.26"]
[Round "4"]
[White "searchforbobby1"]
[Black "technika"]
[Result "1/2-1/2"]
[WhiteElo "2225"]
[BlackElo "2106"]
[Opening "Sicilian: Alapin's variation (2.c3)"]
[ECO "B22"]
[Time "17:09:08"]
[TimeControl "2700+45"]

1. e4 c5 2. c3 d5 3. exd5 Qxd5 4. d4 Nc6 5. Nf3 Nf6 6. Be2 Bf5 7. c4 Qd8 8. d5
Nb4 9. Na3 e6 10. Nh4 Be4 11. f3 Bg6 12. Nxg6 hxg6 13. Nc2 Nxc2+ 14. Qxc2 Bd6
15. dxe6 Bxh2 16. Kf1 Qd6 17. Be3 Qe5 18. Qc3 Ke7 19. Rxh2 Qxc3 20. Bxc5+ Kxe6
21. bxc3 Rxh2 22. Kf2 b6 23. Bd4 Rc8 24. a4 Rh5 25. f4 Ra5 26. Bd3 Ke7 27. Kf3
Kf8 28. g4 Nd7 29. g5 Nc5 30. Bc2 Ne6 31. Bd3 Rd8 32. Ke3 Re8 33. Kf3 Rc8 34.
Ke3 Kg8 35. Kf3 Rc6 36. Ke3 Nc5 37. Bc2 Nd7 38. Bd3 Rc7 39. Kf3 Nc5 40. Bc2 Ne6
41. Bd3 Rd7 42. Ke3 {Game drawn by mutual agreement} 1/2-1/2

[Event "Team 45 45 League T47"]
[Site "Internet Chess Club"]
[Date "2010.11.30"]
[Round "4"]
[White "jorobo"]
[Black "MikeA"]
[Result "1/2-1/2"]
[WhiteElo "2084"]
[BlackElo "2115"]
[Opening "English: Mikenas-Carls, Flohr variation"]
[ECO "A18"]
[Time "08:00:17"]
[TimeControl "2700+45"]

1. c4 e6 2. Nc3 Nf6 3. e4 d5 4. e5 Ne4 5. Nxe4 dxe4 6. Qg4 Nc6 7. Qxe4 Qd4 8.
Qxd4 Nxd4 9. Bd3 Bd7 10. Ne2 Nc6 11. f4 O-O-O 12. Be4 Nb4 13. a3 Bc6 14. axb4
Bxe4 15. Rxa7 Bxb4 16. Ra8+ Kd7 17. Rxd8+ Rxd8 18. Kf2 Bf5 19. d4 Ke7 20. Be3
Ra8 21. Nc3 Bxc3 22. bxc3 Ra2+ 23. Kf3 Bd3 24. c5 f5 25. exf6+ gxf6 26. Rc1 Be2+
27. Kg3 h5 28. h4 {Game drawn by mutual agreement} 1/2-1/2